 Dungeon Crawl Stone Soup version 0.31-a0-690-g7ce4588941 (webtiles) character file.

Game seed: 12918517746857899455

9 Essalna the Conjurer (level 2, 19/19 HPs)
             Began as a Demonspawn Conjurer on Sept 6, 2023.
             Got out of the dungeon alive.
             The game lasted 00:00:37 (318 turns).

Essalna the Conjurer (Demonspawn Conjurer)           Turns: 318, Time: 00:00:37

Health: 19/19      AC:  2    Str:  7    XL:     2   Next: 3%
Magic:  5/5        EV: 12    Int: 19    God:
Gold:   30         SH:  0    Dex: 11    Spells: 4/5 levels left

rFire   . . .        d - +0 hand axe (vamp)
rCold   . . .        (no shield)
rNeg    . . .        a - +0 robe
rPois   .            (no helmet)
rElec   .            (no cloak)
rCorr   .            (no gloves)
SInv    .            (no boots)
Will    .....        (no amulet)
Stlth   ++           (no ring)
HPRegen 0.23/turn    (no ring)
MPRegen 0.09/turn

%: no passive effects
@: no status effects
A: weakness stinger 1
a: no special abilities


You escaped.
You visited 1 branch of the dungeon, and saw 1 of its levels.

You collected 30 gold pieces.

Inventory:

Hand Weapons
 c - a +0 short sword
 d - a +0 vampiric hand axe (weapon)
Armour
 a - a +0 robe (worn)
Potions
 b - a potion of magic


   Skills:
 - Level 1.7 Dodging
 - Level 1.7 Stealth
 + Level 2.3 Spellcasting
 + Level 4.2 Conjurations


You had 4 spell levels left.
You knew the following spells:

 Your Spells              Type           Power      Damage    Failure   Level
a - Magic Dart            Conj           72%        1d6       3%          1

Your spell library contained the following spells:

 Spells                   Type           Power      Damage    Failure   Level
 Searing Ray              Conj           36%        2d5       4%          2
 Dazzling Flash           Conj/Hex       20%        N/A       21%         3
 Fulminant Prism          Conj/Hex       5%         3d6       56%         4
 Iskenderun's Mystic Bla  Conj/Tloc      10%        2d4       56%         4


Dungeon Overview and Level Annotations

Branches:
Dungeon (1/15)

Altars:


Innate Abilities, Weirdness & Mutations

You have a small tail.


Message History

Found a leather armour.
You now have 15 gold pieces.
Found a stone staircase leading down.
You see here a +0 leather armour.
There is a stone staircase leading down here.
You now have 30 gold pieces (gained 15).
Key pressed, stopping explore.
A dart slug comes into view.
The magic dart hits the dart slug but does no damage.
The magic dart hits the dart slug.
The dart slug is severely wounded.
The dart slug closely misses you.
The magic dart hits the dart slug.
The dart slug is severely wounded.
You are out of magic!
You are out of magic!
You are out of magic!
You hit the dart slug.
You kill the dart slug!
No target in view!
No target in view!
A frilled lizard comes into view.
A frilled lizard is nearby!
The magic dart hits the frilled lizard.
You kill the frilled lizard!
You can't see any susceptible monsters within range! (Use Z to cast anyway.)
You can't see any susceptible monsters within range! (Use Z to cast anyway.) Unknown command.
A quokka comes into view.
A quokka is nearby!
The magic dart hits the quokka.
The quokka is lightly wounded.
The magic dart hits the quokka.
You kill the quokka!
You have reached level 2!
You feel monstrous as your demonic heritage exerts itself.
Your demonic ancestry asserts itself...
You grow a small tail.
There is a staircase leading out of the dungeon here.
You have escaped!

.# #.# #.# #.# #.# .# #.# #.#
.# #.# #.# ## .# #.# #.# #..
.# #.# ########.###.# .##
#8#####.######...........#.#
..
.(..........@#########.#.#.##
.# #8#####.######
#...........# .# #.#
#....#...(..#..# .# #.# #.#
#.##.###..# .# #.# #.#
#.##....... ## #.# #.#
#.######..# # #.# #.# #.#
#..# # #.## #.# #.# #..# #..#
##.####.# #..#


There were no monsters in sight!

Vanquished Creatures
  A dart slug (D:1)
  A kobold (D:1)
  2 quokkas (D:1)
  2 frilled lizards (D:1)
  A rat (D:1)
7 creatures vanquished.

Notes
Turn   | Place    | Note
-------+----------+-------------------------------------------
     0 | D:1      | Essalna the Demonspawn Conjurer began the quest for the
                  | Orb.
     0 | D:1      | Reached XP level 1. HP: 13/13 MP: 3/3
   275 | D:1      | Discovered your monstrous ancestry.
   275 | D:1      | Gained mutation: You have a small tail. [demonic ancestry]
   275 | D:1      | Reached XP level 2. HP: 19/19 MP: 1/5
   318 | D:$      | Got out of the dungeon alive.

Illustrated notes

Levels and vault maps discovered:
D:1:      lemuel_arrival_cross, layout_loops_ring

Action                     || total
---------------------------++-------
  Melee: Short sword       ||     6
         Hand axe          ||     1
   Cast: Magic Dart        ||    11
 Armour: Robe              ||     1
  Dodge: Dodged            ||     5

Table legend: (Time is in decaauts)
 A = Elapsed time spent in this place.
 B = Non-inter-level travel time spent in this place.
 C = Inter-level travel time spent in this place.
 D = Time resting spent in this place.
 E = Time spent auto-exploring this place.
 F = Levels seen in this place.
 G = Mean time per level.
                   A        B        C        D        E       F      G
               +--------+--------+--------+--------+--------+-----+--------+
         Total |    317 |    275 |     42 |      0 |    233 |   1 |  317.0 |
       Dungeon |    317 |    275 |     42 |      0 |    233 |   1 |  317.0 |
               +--------+--------+--------+--------+--------+-----+--------+

Top non-repeatable levels by time:
     D:1: 317 daAuts
